 Dungeon Crawl Stone Soup version 0.25-a0-734-g73332ae (webtiles) character file.

Game seed: 5627344658135359566, levelgen mode: deterministic

220 BlueFish the Magician (level 5, -2/37 HPs)
             Began as a Mummy Wizard on Apr 10, 2020.
             Killed by divine providence
             ... invoked by an orc priest
              (9 damage)
             ... on level 3 of the Dungeon.
             The game lasted 00:06:03 (3603 turns).

BlueFish the Magician (Mummy Wizard)                Turns: 3603, Time: 00:06:04

Health: -2/37      AC:  4    Str: 11    XL:     5   Next: 64%
Magic:  1/13       EV: 12    Int: 18    God:
Gold:   127        SH:  0    Dex: 10    Spells: 6/16 levels left

rFire    x . .     SeeInvis .   d - +0 whip
rCold    + . .     Gourm    .   (no shield)
rNeg     + + +     Faith    .   a - +0 robe
rPois    ∞         Spirit   .   b - +1 hat
rElec    .         Reflect  .   j - +0 cloak (curse)
rCorr    .         Harm     .   (no gloves)
MR       .....                  (no boots)
Stlth    ++........             (no amulet)
HPRegen  0.12/turn              (no ring)
MPRegen  0.13/turn              (no ring)

@: no status effects
A: no food or potions, fire vulnerability, cold resistance 1, negative energy
resistance 3, torment resistance, unbreathing
a: no special abilities


You were on level 3 of the Dungeon.
You were not hungry.

You visited 1 branch of the dungeon, and saw 3 of its levels.

You collected 127 gold pieces.

Inventory:

Hand Weapons
 d - a +0 whip (weapon)
Armour
 a - a +0 robe (worn)
 b - a +1 hat (worn)
 j - a cursed +0 cloak (worn)
Scrolls
 e - 2 scrolls of teleportation
 f - a scroll of remove curse
 g - a scroll of immolation
 h - a scroll of noise {unknown}


   Skills:
 * Level 1.1 Fighting
 + Level 0.2 Maces & Flails
 * Level 2.4 Dodging
 * Level 2.4 Stealth
 * Level 6.0 Spellcasting
 + Level 1.4 Conjurations
 + Level 1.3 Summonings
 + Level 0.7 Translocations


You had 6 spell levels left.
You knew the following spells:

 Your Spells              Type           Power        Failure   Level  Hunger
a - Magic Dart            Conj           ##..         7%          1    N/A
b - Blink                 Tloc           N/A          14%         2    N/A
c - Call Imp              Summ           ##......     11%         2    N/A
d - Slow                  Hex            #.......     19%         2    N/A
e - Mephitic Cloud        Conj/Pois/Air  #.......     28%         3    N/A

Your spell library contained the following spells:

 Spells                   Type           Power        Failure   Level  Hunger
 Conjure Flame            Conj/Fire      #.......     26%         3    N/A

Dungeon Overview and Level Annotations

Branches:
Dungeon (3/15)

Altars:


Innate Abilities, Weirdness & Mutations

You do not eat or drink.
Your flesh is vulnerable to fire.
You are immune to poison.
Your flesh is cold resistant. (rC+)
You are immune to negative energy. (rN+++)
You are immune to unholy pain and torment.
You can survive without breathing.


Message History

The orc priest misses your crimson imp.
Your crimson imp hits the orc priest but does no damage.
You see here a buckler.
Things that are here:
a +0 dagger; a poisoned dart; a kobold skeleton
Casting: Call Imp (safe; 11% risk of failure)
Confirm with . or Enter, or press ? or * to list all spells.
Aiming: Mephitic Cloud (safe; 28% risk of failure)
Press: ? - help, Shift-Dir - straight line, f - you
Okay, then.
Casting: Mephitic Cloud (safe; 28% risk of failure)
Confirm with . or Enter, or press ? or * to list all spells.
Aiming: Mephitic Cloud (safe; 28% risk of failure)
Press: ? - help, Shift-Dir - straight line The ball explodes into a vile cloud!
The stinking cloud engulfs the orc priest but does no damage.
The orc priest is moderately wounded.
The orc priest invokes the aid of Beogh against you.
Beogh smites you!
You die...

#......#######...#####..........
#####.## #...# #####.#..#. ##
#.# #...# #.#..[. .# #.# #...#
#....)# .#####.# #...# ###.##.
.......# #...# #.##. .#######
###.## ## #.##. .# #####
#..(###!..# #.... .# ##...##
##.#@......) ###.# .#
##.....###....###..!# ##^ .#
#.......##.#.## ## #. .#
#.........☼..# ## .#
#.....†.#○○.#.## ##
##.....#.☼.....#
###...###o..#.## #...5[..##.##.#
#.##.##.###....


You could see an orc priest.

Vanquished Creatures
  An orc priest (D:3)
  2 oozes (D:1)
  2 dart slugs (D:1)
  3 leopard geckos
  4 orcs (D:3)
  6 bats
  A giant cockroach (D:2)
  6 goblins
  A hobgoblin (D:1)
  5 jackals (D:3)
  A quokka (D:3)
  2 frilled lizards (D:1)
  7 kobolds
  4 rats
45 creatures vanquished.

Vanquished Creatures (collateral kills)
  Sigmund (D:2)
  Crazy Yiuf (D:2)
  A worker ant (D:3)
  An adder (D:3)
  An ooze (D:2)
  2 worms (D:3)
  3 orcs (D:3)
  A goblin (D:2)
  A hobgoblin (D:1)
  3 jackals (D:3)
  A frilled lizard (D:1)
  A rat (D:3)
17 creatures vanquished.

Grand Total: 62 creatures vanquished

Notes
Turn   | Place    | Note
-------+----------+-------------------------------------------
     0 | D:1      | BlueFish the Mummy Wizard began the quest for the Orb.
     0 | D:1      | Reached XP level 1. HP: 13/13 MP: 5/5
   192 | D:1      | Reached XP level 2. HP: 2/19 MP: 0/7
   196 | D:1      | Learned a level 2 spell: Blink
   199 | D:1      | Learned a level 2 spell: Call Imp
   202 | D:1      | Learned a level 2 spell: Slow
   949 | D:1      | Reached skill level 1 in Conjurations
  1017 | D:1      | Reached XP level 3. HP: 11/24 MP: 1/9
  1022 | D:1      | Learned a level 3 spell: Mephitic Cloud
  1955 | D:2      | Reached skill level 5 in Spellcasting
  2335 | D:2      | Noticed Sigmund
  2355 | D:2      | Killed Sigmund
  2355 | D:2      | Reached XP level 4. HP: 31/31 MP: 5/11
  2444 | D:2      | Found a runed translucent door.
  2445 | D:2      | Noticed Crazy Yiuf
  2498 | D:2      | Killed Crazy Yiuf
  2498 | D:2      | Reached skill level 1 in Fighting
  2498 | D:2      | Reached skill level 1 in Summonings
  2498 | D:2      | Reached XP level 5. HP: 37/37 MP: 5/13
  3465 | D:3      | Noticed a hippogriff
  3588 | D:3      | Reached skill level 6 in Spellcasting
  3603 | D:3      | Killed from afar by an orc priest

Levels and vault maps discovered:
D:1:      dpeg_arrival_renting, layout_loops_ring, minmay_split_cup_small
D:2:      layout_basic, uniq_sigmund, uniq_crazy_yiuf_cottage
D:3:      layout_loops_cross

Skill      XL: |  1  2  3  4  5 |
---------------+----------------+-----
Conjurations   | 1 |  1.4
Stealth        | 2 |  2.4
Spellcasting   | 5 6 |  6.0
Dodging        | 2 |  2.4
Fighting       | 1 |  1.1
Summonings     | 1 |  1.3
Maces & Flails | |  0.2
Translocations | |  0.7

Action                   |  1- 3 |  4- 6 || total
-------------------------+-------+-------++-------
Melee: Whip              |    17 |    62 ||    79
       Short sword       |     6 |       ||     6
 Cast: Magic Dart        |    65 |    29 ||    94
       Call Imp          |     8 |    28 ||    36
       Mephitic Cloud    |       |     3 ||     3
       Blink             |       |     1 ||     1
  Use: Scroll            |     2 |     2 ||     4
 Stab: Confused          |       |     2 ||     2
Armor: Robe              |     9 |    19 ||    28
Dodge: Dodged            |    24 |    59 ||    83

Table legend:
 A = Non-vault XP
 B = Vault XP
 C = Vault XP percentage of total XP
 D = Non-vault monster count
 E = Vault monster count
 F = Vault count percentage of total count
                 A         B        C        D         E       F
            +---------+---------+-------+---------+---------+-------
      Total |     167 |     148 |  47.0 |      57 |       5 |   8.1
            +---------+---------+-------+---------+---------+-------
        D:1 |      31 |      13 |  29.5 |      15 |       3 |  16.7
        D:2 |      22 |     135 |  86.0 |      11 |       2 |  15.4
        D:3 |     114 |       0 |   0.0 |      31 |       0 |   0.0
            +---------+---------+-------+---------+---------+-------
